 Dungeon Crawl Stone Soup version 0.27-a0-1200-g94dc6ad4cf (webtiles) character file.

Game seed: 6682194508205885780

1 Lanoc the Vexing (level 1, -1/10 HPs)
             Began as a Vampire Enchanter on June 1, 2021.
             Slain by an adder (4 damage)
             ... on level 2 of the Dungeon.
             The game lasted 00:00:21 (70 turns).

Lanoc the Vexing (Vampire Enchanter)                  Turns: 70, Time: 00:00:22

Health: -1/10      AC:  2    Str:  7    XL:     1   Next: 16%
Magic:  2/3        EV: 12    Int: 17    God:
Gold:   16         SH:  0    Dex: 14    Spells: 3/4 levels left

rFire    . . .     SeeInvis +   a - +1 dagger
rCold    + + .     Faith    .   (no shield)
rNeg     + + +     Spirit   .   b - +0 robe
rPois    ∞         Reflect  .   (no helmet)
rElec    .         Harm     .   (no cloak)
rCorr    .         Rampage  .   (no gloves)
Will     .....                  (no boots)
Stlth    +++++.....             (no amulet)
HPRegen  0.00/turn              (no ring)
MPRegen  0.08/turn              (no ring)

@: bloodless
A: bloodless, fangs 3, see invisible, vampiric 1
a: Revivify


You were on level 2 of the Dungeon.
You visited 1 branch of the dungeon, and saw 2 of its levels.

You collected 16 gold pieces.

Inventory:

Hand Weapons
 a - a +1 dagger (weapon)
Armour
 b - a +0 robe (worn)


   Skills:
 + Level 0.0 Fighting
 - Level 1.1 Short Blades
 + Level 2.2 Dodging
 * Level 4.4 Stealth
 - Level 2.0 Spellcasting
 * Level 4.4 Hexes


You had 3 spell levels left.
You knew the following spells:

 Your Spells              Type           Power      Damage    Failure   Level
a - Corona                Hex            17%        N/A       3%          1

Your spell library contained the following spells:

 Spells                   Type           Power      Damage    Failure   Level
 Confusing Touch          Hex            16%        N/A       10%         3
 Tukima's Dance           Hex            16%        N/A       10%         3
 Ensorcelled Hibernation  Hex/Ice        18%        N/A       12%         2
 Dazzling Flash           Conj/Hex       18%        N/A       24%         3


Dungeon Overview and Level Annotations

Branches:
Dungeon (1/15)

Altars:


Innate Abilities, Weirdness & Mutations

You do not regenerate when monsters are visible.
You are frail without blood (-20% HP).
You can heal yourself when you bite living creatures.
You are immune to poison.
You have razor-sharp teeth.
You have supernaturally acute eyesight. (SInv)
You are afflicted with vampirism.


Message History

You now have 16 gold pieces.
An adder is nearby!
Found a viscous red potion.
No target in view!
A bat comes into view.
The adder hisses angrily.
You hit the adder.
The adder is lightly wounded.
The adder closely misses you.
You hit the adder.
The adder is lightly wounded.
The adder misses you.
You miss the adder.
The adder is lightly wounded.
The adder bites you. The adder completely misses you.
You miss the adder.
The adder is lightly wounded.
The adder closely misses you.
You closely miss the adder.
The adder is lightly wounded.
The adder barely misses you.
You hit the adder.
The adder is moderately wounded.
The adder closely misses you. The adder bites you.
The bat hits you but does no damage.
A kobold comes into view. It is wielding a +2 dagger of venom.
Found a book of Maledictions.
Casting: Corona (safe; 3% risk of failure)
Confirm with . or Enter, or press ? or * to list all spells.
Aiming: Corona (safe; 3% risk of failure)
Press: ? - help, Shift-Dir - straight line, f - adder
Aim: an adder (moderately wounded, chance to affect: 62%)
The adder is outlined in light.
The adder bites you but does no damage. The adder bites you.
* * * LOW HITPOINT WARNING * * *
You completely miss the adder.
The adder is moderately wounded.
The adder bites you.
You die...

...... #...# #####
..... #...######...#
.....##.#........###
#.......######
####.......#
#..........#
#!..###b#.#.## ..#
#S#.#.## . #@#.#..##
#:.....#.##..###
####...........##
##.##.###.#..##
.....# #..#..######
..#. # ##.##.......
.## #.######### .K
#.# #.#


You could see an adder (corona), a bat and a kobold (asleep).

Vanquished Creatures
  An endoplasm (D:2)
1 creature vanquished.

Notes
Turn   | Place    | Note
-------+----------+-------------------------------------------
     0 | D:1      | Lanoc the Vampire Enchanter began the quest for the Orb.
     0 | D:1      | Reached XP level 1. HP: 13/13 MP: 3/3
    12 | D:1      | You fall into a shaft and drop 1 floor!
    70 | D:2      | Slain by an adder

Illustrated notes

Levels and vault maps discovered:
D:1:      shiori_arrival_elements, layout_basic, minmay_quantized
D:2:      layout_rooms, hellmonk_ecumenical_altar_heavens_door, uniq_terence

Action                   || total
-------------------------++-------
Melee: Dagger            ||     8
 Cast: Corona            ||     1
 Abil: Exsanguinate      ||     1
 Stab: Sleeping          ||     1
Armor: Robe              ||     2
Dodge: Dodged            ||     6

Table legend: (Time is in decaauts)
 A = Elapsed time spent in this place.
 B = Non-inter-level travel time spent in this place.
 C = Inter-level travel time spent in this place.
 D = Time resting spent in this place.
 E = Time spent auto-exploring this place.
 F = Levels seen in this place.
 G = Mean time per level.
                   A        B        C        D        E       F      G
               +--------+--------+--------+--------+--------+-----+--------+
         Total |     69 |     69 |      0 |      0 |     43 |   2 |   34.5 |
       Dungeon |     69 |     69 |      0 |      0 |     43 |   2 |   34.5 |
               +--------+--------+--------+--------+--------+-----+--------+

Top non-repeatable levels by time:
     D:2: 57 daAuts
     D:1: 12 daAuts
